 Dungeon Crawl Stone Soup version 0.30-a0-341-g682706514a (webtiles) character file.

Game seed: 443762047434890301

578 NinjaNoafa the Poker (level 7, -6/55 HPs)
             Began as a Merfolk Gladiator on Nov 2, 2022.
             Mangled by an ogre
             ... wielding a +0 giant club
              (25 damage)
             ... on level 4 of the Dungeon.
             The game lasted 00:09:46 (3926 turns).

NinjaNoafa the Poker (Merfolk Gladiator)            Turns: 3926, Time: 00:09:47

Health: -6/55      AC:  6    Str: 15 (16) XL:     7   Next: 36%
Magic:  0/16       EV: 13    Int:  7      God:
Gold:   205        SH:  0    Dex: 15 (16) Spells: 6/6 levels left

rFire   . . .      SeeInvis .    a - +0 trident
rCold   . . .      Faith    .    (no shield)
rNeg    . . .      Spirit   +    w - +0 troll leather armour {Pargi}
rPois   .          Reflect  .    c - +0 helmet
rElec   .          Harm     .    (no cloak)
rCorr   .          Rampage  .    j - +0 pair of gloves
Will    .....                    (no boots)
Stlth   +.........               s - amulet of guardian spirit
HPRegen 1.09/turn                n - ring of magical power
MPRegen 0.15/turn                (no ring)

@: no status effects
A: (nimble swimmer 2), mertail
a: no special abilities


You were on level 4 of the Dungeon.
You visited 1 branch of the dungeon, and saw 5 of its levels.
You also visited: Sewer.

You collected 205 gold pieces.

Inventory:

Hand Weapons
 a - a +0 trident (weapon)
Missiles
 d - 3 throwing nets
 f - 6 boomerangs (quivered)
 g - 64 stones
 r - 5 poisoned darts
Armour
 c - a +0 helmet (worn)
 j - a +0 pair of gloves (worn)
 w - a +0 troll leather armour (worn) {Pargi}
Jewellery
 n - a ring of magical power (left hand)
 s - an amulet of guardian spirit (around neck)
Wands
 p - a wand of roots (2)
 x - a wand of mindburst (10)
Scrolls
 b - a scroll of noise {unknown}
 e - 2 scrolls of teleportation {unknown}
 o - 4 scrolls of enchant weapon
 u - a scroll of fog
 v - a scroll of fear {unknown}
 y - a scroll of immolation {unknown}
Potions
 h - a potion of flight
 i - a potion of degeneration
 l - a potion of haste
 m - a potion of might
 q - 4 potions of mutation
 t - a potion of brilliance {unknown}
 z - a potion of lignification {unknown}


   Skills:
 + Level 4.4 Fighting
 - Level 4.2 Short Blades
 - Level 7.0 Polearms
 + Level 3.2 Throwing
 - Level 5.0 Dodging


You had 6 spell levels left.
You didn't know any spells.
Your spell library contained the following spells:

 Spells                   Type           Power      Damage    Failure   Level
 Vhi's Electric Charge    Tloc/Air       0%         N/A       86%         3
 Arcjolt                  Conj/Air       0%         1d10      100%        5
 Maxwell's Capacitive Co  Air            0%         ∞         100%        8


Dungeon Overview and Level Annotations

Branches:
Dungeon (5/15)              Sewer (visited)
 Temple: D:4-7

Altars:
Elyvilon
Ru
Sif Muna
Zin

Shops:
D:1 !   D:2 (


Innate Abilities, Weirdness & Mutations

((You are very nimble when in or above water. (Stealth+, EV+, Speed+++)))
Your lower body shifts to a powerful aquatic tail in water.


Message History

You puncture the ogre!
The ogre is moderately wounded.
You hit the ogre.
The ogre is moderately wounded.
The ogre hits you with a +0 giant club!
You are too injured to fight recklessly!
You are too injured to fight recklessly!
You are too injured to fight recklessly!
You are too injured to fight recklessly!
You hit the ogre.
The ogre is heavily wounded.
The ogre hits you with a +0 giant club!!
* * * LOW HITPOINT WARNING * * *
You feel better.
Things that are here:
a +0 giant club; an ogre corpse The ogre attacks as you move away!
The ogre barely misses you.
You hit the ogre.
The ogre is severely wounded.
The ogre attacks as you move away! The ogre hits you with a +0 giant club!
* * * LOW HITPOINT WARNING * * *
You hit the ogre but do no damage.
The ogre is severely wounded.
The ogre hits you with a +0 giant club!
* * * LOW HITPOINT WARNING * * *
Okay, then.
Throw: 6 boomerangs
Press: ? - help, Q - select action, (/) - cycle Shift-Dir - straight line, f - ogre
Aim: an ogre, wielding a +0 giant club (severely wounded, 76% to hit)
You throw a boomerang. The boomerang hits the ogre!
The ogre is almost dead.
The ogre attacks as you move away! The ogre closely misses you.
The ogre attacks as you move away! The ogre barely misses you.
Aiming: Mindburst
Press: ? - help, Shift-Dir - straight line, f/p - ogre
Aim: an ogre, wielding a +0 giant club (almost dead, chance to affect: 64%)
The ogre struggles to resist.
The ogre attacks as you move away!
The ogre hits you with a +0 giant club!!
You die...

,,,,* #####......##.####...##**,#
,,,,* #.....................#,,,#
,,,,* #.....####.#..###.....#####
,,,,* #.....# #.#.#.......♣♣#...
,,,,* #.....# #.#.#.#......♣####
***** #.....# #.#<........_♣ #
#######.....####.#.##.......♣####
...........................♣.#...
)..............O@.....#...†♣#####
################............# #
.......##############......######
....)..'.........................
.......###############.##########
.......##............#...........
.......##'#########........###...
.......#........# #...........+##
.......#.....♣♣♣♣♣♣♣♣♣........#~~


You could see an ogre.

Vanquished Creatures
  Pargi (Sewer)
  2 ogres (D:4)
  A bullfrog (D:4)
  A howler monkey (D:4)
  A hound (D:3)
  Natasha (D:2)
  4 adders
  3 gnolls (D:2)
  A worm (D:2)
  2 dart slugs
  8 orcs
  6 ball pythons
  5 endoplasms
  4 giant cockroaches
  7 goblins
  4 hobgoblins
  6 jackals
  4 quokkas
  2 bats
  5 frilled lizards
  8 kobolds
  A rat (D:2)
77 creatures vanquished.

Notes
Turn   | Place    | Note
-------+----------+-------------------------------------------
     0 | D:1      | NinjaNoafa the Merfolk Gladiator began the quest for the
                  | Orb.
     0 | D:1      | Reached XP level 1. HP: 16/16 MP: 1/1
   306 | D:1      | Reached XP level 2. HP: 23/23 MP: 2/2
   411 | D:1      | Found Ruesoj's Distillery.
  1119 | D:2      | Found Piori's Antique Weapon Shop.
  1419 | D:2      | Reached skill level 1 in Polearms
  1419 | D:2      | Reached XP level 3. HP: 23/28 MP: 3/3
  1428 | D:2      | Reached skill level 2 in Polearms
  1575 | D:2      | Reached skill level 3 in Polearms
  1615 | D:2      | Reached XP level 4. HP: 32/35 MP: 4/4
  1653 | D:2      | Noticed Natasha
  1663 | D:2      | Killed Natasha
  1671 | D:2      | Reached skill level 4 in Polearms
  1878 | D:3      | Reached XP level 5. HP: 33/41 MP: 5/5
  1931 | D:3      | Reached skill level 5 in Polearms
  2230 | D:3      | Found a sacrificial altar of Ru.
  2368 | D:3      | Found a white marble altar of Elyvilon.
  2640 | D:4      | Found a glowing silver altar of Zin.
  2662 | D:4      | Found a shimmering blue altar of Sif Muna.
  2679 | D:4      | Reached skill level 6 in Polearms
  2682 | D:4      | Noticed an ogre
  2726 | D:4      | Noticed an ogre
  2748 | D:5      | Entered Level 5 of the Dungeon
  2932 | D:4      | Found a glowing drain.
  2936 | Sewer    | Entered a sewer
  2951 | Sewer    | Reached XP level 6. HP: 47/47 MP: 6/6
  3009 | Sewer    | Noticed Pargi
  3034 | Sewer    | Killed Pargi
  3035 | Sewer    | Reached skill level 7 in Polearms
  3505 | D:4      | Identified the +6 ring mail of Slovenliness {Will+}
  3818 | D:4      | Reached skill level 5 in Dodging
  3818 | D:4      | Reached XP level 7. HP: 46/54 MP: 7/7
  3926 | D:4      | Mangled by an ogre

Illustrated notes

Levels and vault maps discovered:
D:1:      shiori_shiawase, layout_loops_corners, serial_shops,
          nicolae_shop_hallway_plus
D:2:      layout_basic, serial_shops, shop_statue, uniq_natasha
D:3:      layout_loops_cross, lemuel_tele_altar,
          mainiacjoe_overflow_surrounded_room, grunt_ministairs_15,
          hangedman_decor_growths
D:4:      layout_basic, zin_academy, mainiacjoe_overflow_paths,
          gup_sewer_entry_bowl
D:5:      layout_cave_pools

Skill      XL: |  1  2  3  4  5  6  7 |
---------------+----------------------+-----
Short Blades   | 4 |  4.2
Fighting       | 3 4 |  4.4
Polearms       | 1 3 4 6 7 |  7.0
Dodging        | 5 |  5.0
Throwing       | 3 |  3.2

Action                   |  1- 3 |  4- 6 |  7- 9 || total
-------------------------+-------+-------+-------++-------
Melee: Rapier            |    41 |       |       ||    41
       Dagger            |     7 |       |       ||     7
       Trident           |    30 |   194 |    16 ||   240
       Punch             |     1 |       |       ||     1
       Tailslap          |       |     3 |       ||     3
Throw: Javelin           |     4 |       |       ||     4
       Boomerang         |     2 |       |     1 ||     3
Evoke: Wand              |       |       |     1 ||     1
  Use: Scroll            |       |     8 |       ||     8
       Potion            |       |     4 |     1 ||     5
 Stab: Sleeping          |       |     1 |       ||     1
Armor: Leather armour    |    16 |    57 |       ||    73
       Troll leather arm |       |    10 |       ||    10
Dodge: Dodged            |    49 |   169 |     7 ||   225

Table legend: (Time is in decaauts)
 A = Elapsed time spent in this place.
 B = Non-inter-level travel time spent in this place.
 C = Inter-level travel time spent in this place.
 D = Time resting spent in this place.
 E = Time spent auto-exploring this place.
 F = Levels seen in this place.
 G = Mean time per level.
                   A        B        C        D        E       F      G
               +--------+--------+--------+--------+--------+-----+--------+
         Total |   3853 |   3623 |    230 |      0 |   2770 |   6 |  642.2 |
       Dungeon |   3587 |   3357 |    230 |      0 |   2583 |   5 |  717.4 |
         Sewer |    265 |    265 |      0 |      0 |    186 |   1 |  265.0 |
               +--------+--------+--------+--------+--------+-----+--------+

Top non-repeatable levels by time:
     D:1: 1121 daAuts
     D:4: 833 daAuts
     D:3: 755 daAuts
     D:2: 745 daAuts
   Sewer: 265 daAuts
     D:5: 131 daAuts
